Map: 2000 Atmospheres LE

Players

ViBE - Winner!

  • Race: Zerg Zerg
  • League: Diamond

PenguinGamer

  • Race: Terran Terran
  • League: Diamond

VOD

Have the link to the VOD?

Description

Time

  • Played on: April 11, 2021, 3:22 a.m.
  • Length: 9:03
Show
View Real Time Build Order
Export as new Build Order

ViBE Zerg - Winner!

Build Orders: Hatch First 

Get SALT Encoding   

  12  0:00  Drone  
  13  0:12  Overlord  
  13  0:17  Drone  
  14  0:30  Drone x2  
  16  0:49  Hatchery  
  15  0:53  Drone  
  15  0:56  Drone  
  17  0:59  Drone  
  18  1:13  Spawning Pool  
  18  1:14  Extractor  
  16  1:20  Drone  
  16  1:21  Drone  
  18  1:32  Drone  
  19  2:01  Queen x2  
  19  2:03  Zergling x4  
  19  2:04  Zergling x2  
  26  2:10  Zergling x2  
  27  2:16  Zergling x2  
  27  2:18  Overlord  
  27  2:59  Drone x6  
  33  3:16  Overlord  
  33  3:17  Hatchery  
  32  3:21  Metabolic Boost  
  32  3:24  Overlord  
  32  3:31  Drone x3  
  35  3:37  Queen  
  37  3:48  Drone x5  
  42  4:00  Drone  
  42  4:01  Drone  
  44  4:08  Roach Warren  
  44  4:09  Drone x5  
  48  4:25  Drone  
  48  4:26  Drone x3  
  48  4:31  Drone x2  
  53  4:36  Drone x5  
  58  4:41  Extractor  
  58  4:42  Extractor  
  58  4:43  Drone x2  
  58  4:51  Lair  
  58  4:52  Overlord  
  58  4:53  Overlord x3  
  58  5:10  Queen  
  60  5:18  Drone x7  
  60  5:19  Drone x4  
  71  5:25  Drone  
  71  5:26  Drone  
  71  5:33  Evolution Chamber  
  71  5:34  Evolution Chamber  
  69  5:40  Drone x5  
  69  5:42  Drone  
  75  5:44  Drone, Extractor, Hatchery  
  75  5:47  Roach x5  
  84  5:53  Drone  
  84  5:55  Extractor, Drone x2  
  86  5:57  Extractor  
  86  6:01  Overlord  
  85  6:04  Zerg Missile Weapons Level 1  
  85  6:05  Zerg Ground Armor Level 1  
  85  6:08  Overlord x2  
  85  6:15  Glial Reconstitution  
  85  6:21  Roach  
  85  6:22  Roach x2  
  91  6:30  Roach x6  
  103  6:43  Roach x5  
  103  6:44  Overlord  
  103  6:45  Overlord  
  113  6:56  Overlord x4  
  113  7:10  Roach x11  
  135  7:16  Overlord  
  135  7:22  Roach x2  
  145  7:23  Roach x3  
  145  7:29  Roach  
  159  7:30  Roach x6  
  159  7:41  Roach  
  159  7:42  Roach x3  
  161  7:52  Roach x2  
  161  7:53  Roach x5  
  175  8:02  Overlord x3  
  175  8:03  Overlord x2  
  175  8:22  Ravager x9  
  175  8:23  Ravager  
  175  8:24  Roach x5  
  195  8:27  Roach x2  
  195  8:31  Drone  
Show
View Real Time Build Order
Export as new Build Order

PenguinGamer Terran 

Build Orders:  

Get SALT Encoding   

  12  0:01  SCV  
  13  0:13  SCV  
  14  0:18  Supply Depot  
  14  0:31  SCV  
  15  0:43  Barracks  
  15  0:53  Barracks  
  15  0:57  SCV  
  15  1:02  Refinery  
  16  1:09  SCV  
  17  1:21  SCV  
  18  1:29  Marine  
  19  1:39  Orbital Command, Bunker  
  19  1:47  Marine  
  20  1:54  Marine  
  20  2:04  SCV  
  20  2:05  Marine  
  22  2:12  Marine  
  23  2:15  Factory  
  23  2:25  Bunker  
  23  2:26  Supply Depot  
  23  2:48  SCV  
  19  3:05  Command Center  
  19  3:09  Factory Tech Lab  
  19  3:10  Starport, SCV  
  20  3:23  SCV  
  21  3:35  SCV  
  21  3:37  Siege Tank  
  25  3:47  SCV  
  26  3:52  Refinery  
  26  3:59  SCV  
  27  4:11  SCV  
  27  4:13  Barracks  
  27  4:14  Barracks Tech Lab  
  28  4:21  Supply Depot  
  28  4:22  Supply Depot  
  28  4:23  SCV  
  28  4:35  SCV  
  28  4:36  Marine, Siege Tank  
  28  4:37  Orbital Command  
  29  4:47  SCV, Barracks  
  29  4:49  Barracks Reactor  
  30  4:54  Marine  
  30  4:59  SCV  
  32  5:02  Barracks Reactor  
  32  5:10  Orbital Command  
  32  5:11  SCV  
  32  5:12  Marine  
  34  5:26  SCV, Marine x2  
  34  5:28  Supply Depot  
  37  5:29  Marine, Supply Depot  
  37  5:31  Engineering Bay  
  37  5:33  Engineering Bay  
  38  5:36  SCV  
  38  5:38  SCV  
  38  5:41  Marine x2  
  42  5:44  Marine x2, Stimpack  
  42  5:45  Barracks Reactor  
  42  5:48  SCV  
  45  5:50  SCV  
  45  5:55  Medivac  
  48  6:00  SCV  
  48  6:02  SCV  
  48  6:03  Marine x2  
  52  6:06  Marine  
  52  6:07  Marine  
  52  6:09  Marine  
  55  6:13  SCV  
  55  6:14  SCV  
  55  6:15  Siege Tank  
  60  6:20  Marine  
  60  6:21  Marine  
  62  6:29  Terran Infantry Weapons Level 1  
  62  6:30  Starport Reactor  
  62  6:36  Supply Depot  
  62  6:38  Supply Depot  
  62  6:57  Marine x6  
  62  6:58  SCV x2  
  62  7:00  Marine, Siege Tank  
  74  7:10  SCV x2  
  76  7:15  Marine x2, Command Center  
  78  7:23  Supply Depot  
  78  7:26  Supply Depot  
  78  7:37  Marine x2  
  78  7:38  Marine  
  78  7:39  SCV, Marine  
  78  7:40  Marine x3  
  78  7:44  Medivac, Siege Tank  
  75  7:55  Marine x2  
  75  7:56  SCV x2, Marine x2  
  75  7:58  Marine x2  
  82  8:04  Marine  
  84  8:08  SCV x2  
  84  8:09  Barracks  
  86  8:13  Marauder, Marine  
  86  8:14  Marine x2  
  86  8:16  Marine x2  
  93  8:22  Marine  
  94  8:27  Siege Tank  
  94  8:30  Medivac  
  94  8:31  Marine  
  94  8:32  Marine x2  
  94  8:33  Marine  
  103  8:34  Marine  
  103  8:36  Marine  
  103  8:40  Marine  
  106  8:41  SCV x2  
  106  8:44  Refinery  
Tags
 
Add a new tag
Caveats
  • Supply blocks, unpowered buildings, or Contaminate may cause inaccurate times.
  • Supply counts are checked every 10 seconds.